 Dungeon Crawl Stone Soup version 0.30.1-4-g462c640d31 (webtiles) character file.

Game seed: 7052065182302939892

72 HagarQim the Conjurer (level 4, 0/23 (33) HPs)
             Began as a Demonspawn Reaver on Aug 24, 2023.
             Slain by an ogre
             ... wielding a +0 giant club
              (23 damage)
             ... on level 3 of the Dungeon.
             The game lasted 00:05:40 (2579 turns).

HagarQim the Conjurer (Demonspawn Reaver)           Turns: 2579, Time: 00:05:41

HP:   0/23 (33)     AC:  8    Str: 15    XL:     4   Next: 6%
MP:   7/7           EV: 11    Int: 14    God:
Gold: 81            SH:  4    Dex: 11    Spells: 4/7 levels left

rFire   . . .        d - +3 short sword
rCold   . . .        (no shield)
rNeg    . . .        b - +0 leather armour
rPois   .            (no helmet)
rElec   .            h - +1 cloak
rCorr   .            (no gloves)
SInv    .            (no boots)
Will    .....        f - amulet of magic regeneration
Stlth   +            (no ring)
HPRegen 0.23/turn    (no ring)
MPRegen 0.50/turn

%: no passive effects
@: very slightly contaminated, very heavily drained
A: icy blue scales 2, condensation shield
a: no special abilities


You were on level 3 of the Dungeon.
You visited 1 branch of the dungeon, and saw 3 of its levels.

You collected 81 gold pieces.

Inventory:

Hand Weapons
 d - a +3 short sword (weapon)
Armour
 b - a +0 leather armour (worn)
 h - a +1 cloak (worn)
Jewellery
 f - an amulet of magic regeneration (around neck)
 k - a ring of fire
Scrolls
 g - a scroll of brand weapon {unknown}
 i - a scroll of magic mapping {unknown}
 l - a scroll of silence {unknown}
Potions
 a - a potion of brilliance {unknown}
 c - a potion of berserk rage {unknown}
 j - 2 potions of flight {unknown}
 m - a potion of curing {unknown}


   Skills:
 + Level 2.2 Fighting
 + Level 1.1 Short Blades
 + Level 2.8 Axes
 + Level 1.0 Armour
 + Level 1.8 Dodging
 + Level 1.5 Stealth
 + Level 2.1 Spellcasting
 + Level 3.4 Conjurations
 * Level 0.3 Translocations


You had 4 spell levels left.
You knew the following spells:

 Your Spells              Type           Power      Damage    Failure   Level
a - Kiss of Death         Conj/Necr      24%        2d7       14%         1
b - Momentum Strike       Conj/Tloc      12%        3d8       21%         2

Your spell library contained the following spells:

 Spells                   Type           Power      Damage    Failure   Level
 Lesser Beckoning         Tloc           4%         N/A       36%         2
 Hailstorm                Conj/Ice       6%         3d4       38%         3
 Gell's Gravitas          Tloc           2%         N/A       58%         3
 Teleport Other           Tloc           2%         N/A       58%         3
 Ignite Poison            Fire/Tmut/Pois 1%         N/A       65%         3
 Sticky Flame             Conj/Fire      6%         2d3       80%         4
 Ignition                 Fire           0%         3d3       100%        8


Dungeon Overview and Level Annotations

Branches:
Dungeon (3/15)

Altars:


Innate Abilities, Weirdness & Mutations

You are mostly covered in icy blue scales. (AC +3)
A meltable shield of frost defends you. (SH +4)


Message History

You climb downwards.
There is a stone staircase leading up here.
Found 6 stones.
An ogre comes into view. It is wielding a +0 giant club.
Found a fizzy ruby potion.
The ogre shouts!
Casting: Kiss of Death (safe; 14% risk of failure)
Confirm with . or Enter, or press ? or * to list all spells.
Aiming: Momentum Strike (safe; 21% risk of failure)
Press: ? - help, Dir - move target, f - ogre
Aim: an ogre, wielding a +0 giant club (85% to hit)
You miscast Momentum Strike.
You are very lightly contaminated with residual magic.
Nothing appears to happen.
Casting: Momentum Strike (safe; 21% risk of failure)
Confirm with . or Enter, or press ? or * to list all spells.
Aiming: Kiss of Death (safe; 14% risk of failure)
Press: ? - help, Shift-Dir - straight line, f/p - ogre
Aim: an ogre, wielding a +0 giant club (100% to hit)
The negative energy hits the ogre!
The ogre is drained!
The ogre is moderately wounded.
You feel drained. The ogre closely misses you.
You hit the ogre.
The ogre is heavily wounded.
The ogre closely misses you.
You hit the ogre.
The ogre is severely wounded.
You barely miss the ogre.
The ogre is severely wounded.
The ogre barely misses you.
You hit the ogre but do no damage.
The ogre is severely wounded.
You hit the ogre.
The ogre is severely wounded.
The ogre closely misses you.
You hit the ogre.
The ogre is almost dead.
The ogre hits you with a +0 giant club!!
Ouch! That really hurt!
You die...

!. ... .... ####
#####....
.....#####........
.......<##....#
.....##.@.....#.#.
... #.#O........ .
#.#.........
#.##.......#
#.##.......#
#.#.........
#.#.######## #(#.
#.


You could see an ogre (drained).

Vanquished Creatures
  2 adders (D:2)
  A worm (D:2)
  2 dart slugs (D:1)
  5 ball pythons
  5 endoplasms
  4 giant cockroaches
  6 goblins (D:1)
  5 hobgoblins
  A jackal (D:2)
  A bat (D:1)
  2 frilled lizards
  4 kobolds (D:1)
  5 rats (D:1)
43 creatures vanquished.

Notes
Turn   | Place    | Note
-------+----------+-------------------------------------------
     0 | D:1      | HagarQim the Demonspawn Reaver began the quest for the Orb.
     0 | D:1      | Reached XP level 1. HP: 16/16 MP: 3/3
   122 | D:1      | Gained mutation: You are partially covered in icy blue
                  | scales. (AC +2) [demonic ancestry]
   122 | D:1      | Reached XP level 2. HP: 19/22 MP: 5/5
   616 | D:1      | Learned a level 2 spell: Momentum Strike
   835 | D:1      | Gained mutation: A meltable shield of frost defends you.
                  | (SH +4) [demonic ancestry]
   835 | D:1      | Reached XP level 3. HP: 27/27 MP: 6/6
   998 | D:1      | Reached skill level 1 in Stealth
  1636 | D:2      | Reached skill level 1 in Short Blades
  2057 | D:2      | Gained mutation: You are mostly covered in icy blue scales.
                  | (AC +3) [demonic ancestry]
  2057 | D:2      | Reached XP level 4. HP: 19/28 MP: 7/7
  2387 | D:2      | Reached skill level 1 in Armour
  2568 | D:3      | Noticed an ogre
  2579 | D:3      | Slain by an ogre

Illustrated notes

Levels and vault maps discovered:
D:1:      dpeg_arrival_signposts, layout_basic, eino_curves_01,
          dreamdust_wishing_well, kennysheep_nondescript,
          chequers_serial_rivers_micro_a, grunt_decor_fettered,
          minmay_misc_feat_chi, minivault_11, serial_bayou_pond_d
D:2:      layout_loops_corners, chequers_serial_rivers_large_a, st_stairs_10
D:3:      minmay_chambers_of_twos, layout_basic, overflow_temple_1_default,
          uniq_robin

Skill      XL: |  1  2  3  4 |
---------------+-------------+-----
Stealth        | 1 |  1.5
Short Blades   | 1 |  1.1
Armour         | 1 |  1.0
Fighting       | |  2.2
Axes           | |  2.8
Dodging        | |  1.8
Spellcasting   | |  2.1
Conjurations   | |  3.4
Translocations | |  0.3

Action                     |  1- 3 |  4- 6 || total
---------------------------+-------+-------++-------
  Melee: Short sword       |   125 |    12 ||   137
         Hand axe          |     7 |       ||     7
         Punch             |     1 |       ||     1
   Cast: Kiss of Death     |     1 |     1 ||     2
    Use: Scroll            |     3 |       ||     3
   Stab: Sleeping          |     2 |       ||     2
 Armour: Leather armour    |    46 |     1 ||    47
  Dodge: Dodged            |    59 |     7 ||    66
  Block: Other             |     8 |     2 ||    10
